 Dungeon Crawl Stone Soup version 0.31-a0-237-g2d982f9f85 (webtiles) character file.

Game seed: 1496308561499559777

30 qw the Shooter (level 3, -1/29 HPs)
             Began as a Minotaur Hexslinger on July 10, 2023.
             Killed from afar by Jessica (5 damage)
             ... with a puff of flame
             ... on level 2 of the Dungeon.
             The game lasted 00:00:20 (811 turns).

qw the Shooter (Minotaur Hexslinger)                 Turns: 811, Time: 00:00:20

Health: -1/29      AC:  6    Str: 12    XL:     3   Next: 3%
Magic:  3/3        EV: 12    Int: 10    God:
Gold:   50         SH:  0    Dex: 14    Spells: 3/4 levels left

rFire   . . .        a - +1 sling
rCold   . . .        (no shield)
rNeg    . . .        h - +0 leather armour
rPois   .            (helmet restricted)
rElec   +            (no cloak)
rCorr   .            f - +0 pair of gloves
SInv    .            (no boots)
Will    .....        (no amulet)
Stlth   +            (no ring)
HPRegen 0.24/turn    (no ring)
MPRegen 0.08/turn

%: no passive effects
@: slowed, very slow
A: horns 2, retaliatory headbutt, iridescent scales 1, electricity resistance
a: no special abilities


You were on level 2 of the Dungeon.
You visited 1 branch of the dungeon, and saw 2 of its levels.

You collected 50 gold pieces.


Innate Abilities, Weirdness & Mutations

You have a pair of horns on your head.
You reflexively headbutt those who attack you in melee.
You are partially covered in iridescent scales. (AC +2)
You are resistant to electric shocks. (rElec)


   Skills:
 - Level 2.0 Fighting
 + Level 3.6 Ranged Weapons
 - Level 2.1 Dodging
 - Level 1.0 Spellcasting
 - Level 2.0 Hexes


You had 3 spell levels left.
You knew the following spells:

 Your Spells              Type           Power      Damage    Failure   Level
a - Slow                  Hex            16%        N/A       19%         1

Your spell library contained the following spells:

 Spells                   Type           Power      Damage    Failure   Level
 Inner Flame              Hex/Fire       2%         N/A       65%         3
 Portal Projectile        Hex/Tloc       4%         N/A       65%         3
 Cause Fear               Hex            2%         N/A       88%         4

Inventory:

Hand Weapons
 a - a +1 sling (weapon)
Armour
 f - a +0 pair of gloves (worn)
 h - a +0 leather armour (worn)
Potions
 d - a potion of curing {unknown}
 e - a potion of invisibility {unknown}
 g - a potion of heal wounds {unknown}
 i - a potion of mutation

Dungeon Overview and Level Annotations

Branches:
Dungeon (2/15)

Altars:

Annotations:
D:2 Jessica


Message History

Found a pair of gloves, 18 gold pieces and a hand axe.
Found a stone staircase leading up.
There is a stone staircase leading up here.
Waypoint 1 assigned to D:2.
You now have 50 gold pieces (gained 18).
You open the door.
Jessica the Apprentice Sorceress comes into view.
She is wielding a +0 dagger and carrying a wand of flame (11).
You shoot a sling bullet. The sling bullet hits Jessica.
Jessica is lightly wounded.
Jessica gestures at you while chanting.
You feel yourself slow down.
You shoot a sling bullet.
The sling bullet closely misses Jessica.
Jessica zaps a wand.
The puff of flame misses you.
You shoot a sling bullet.
The sling bullet hits Jessica but does no damage.
Jessica is lightly wounded.
Jessica casts a spell.
Jessica seems to speed up.
You shoot a sling bullet.
The sling bullet hits Jessica but does no damage.
Jessica is lightly wounded.
Jessica closely misses you. Jessica casts a spell at you.
Pain shoots through your body!
You shoot a sling bullet. The sling bullet hits Jessica.
Jessica is heavily wounded.
Jessica mumbles some strange words.
Jessica blinks!
Jessica gestures wildly while chanting.
Jessica blinks!
You shoot a sling bullet.
The sling bullet closely misses Jessica.
Jessica looks very angry.
Jessica grins evilly.
You shoot a sling bullet. The sling bullet hits Jessica.
Jessica is almost dead.
Jessica zaps a wand.
The puff of flame hits you!
Jessica shouts, "You're disturbing me!
I'll have to kill you!"
Jessica zaps a wand.
The puff of flame hits you.
You die...

###########
#....<....#
#.........#
#.......[.#
#....<....#
#.........#
#.###......)..#
#...'@.@......+
#####.........#
#.........#
..........#
#.########## #.
#. #.


You could see Jessica (fast).

Vanquished Creatures
  2 bats (D:1)
  3 giant cockroaches (D:1)
  A goblin (D:1)
  4 hobgoblins (D:1)
  4 jackals (D:1)
  5 kobolds (D:1)
  A quokka (D:1)
  A ball python (D:1)
  6 rats (D:1)
27 creatures vanquished.

Notes
Turn   | Place    | Note
-------+----------+-------------------------------------------
     0 | D:1      | qw the Minotaur Hexslinger began the quest for the Orb.
     0 | D:1      | Reached XP level 1. HP: 16/16 MP: 1/1
     0 | D:1      | 0 ||| qw: Version: 0.3-a-52-g30416fa
     0 | D:1      | 0 ||| qw: Game counter: 5115
     0 | D:1      | 0 ||| qw: Melee chars always use a shield: true
     0 | D:1      | 0 ||| qw: God list: Okawaru
     0 | D:1      | 0 ||| qw: Allow faded altars: false
     0 | D:1      | 0 ||| qw: Do Orc after clearing Dungeon:15 true
     0 | D:1      | 0 ||| qw: Do second Lair branch before Depths: true
     0 | D:1      | 0 ||| qw: Lair rune preference: random
     0 | D:1      | 0 ||| qw: Goals: Normal
     0 | D:1      | 0 ||| PLANNING D:1-11
   107 | D:1      | Reached skill level 3 in Ranged Weapons
   115 | D:1      | Reached XP level 2. HP: 23/23 MP: 2/2
   470 | D:1      | Reached XP level 3. HP: 29/29 MP: 3/3
   706 | D:1      | 706 ||| UPGRADING to +0 pair of gloves.
   711 | D:1      | 711 ||| UPGRADING to +0 leather armour.
   721 | D:1      | 721 ||| DROPPING +0 robe.
   722 | D:1      | 722 ||| DRINKING 2 fuming silvery potions.
   722 | D:1      | Gained mutation: You are partially covered in iridescent
                  | scales. (AC +2) [potion of mutation]
   722 | D:1      | Gained mutation: You are resistant to electric shocks.
                  | (rElec) [potion of mutation]
   723 | D:1      | 723 ||| DROPPING scroll of poison.
   804 | D:2      | Noticed Jessica
   811 | D:2      | HP: 4/29 [Jessica/puff of flame (13)]
   811 | D:2      | Killed from afar by Jessica

Levels and vault maps discovered:
D:1:      minmay_arrival_radiant_lines, layout_basic,
          chequers_serial_rivers_micro_c, st_stairs_2,
          chequers_serial_rivers_micro_c, roderic_lattice_a
D:2:      layout_basic, kennysheep_generic_room_6, uniq_jessica

Skill      XL: |  1  2 |
---------------+-------+-----
Ranged Weapons | 3 |  3.6
Fighting       | 2 |  2.0
Dodging        | |  2.1
Spellcasting   | |  1.0
Hexes          | |  2.0

Action                     || total
---------------------------++-------
   Fire: Sling             ||    87
    Use: Potion            ||     1
 Armour: Robe              ||    12
  Dodge: Dodged            ||    40

Table legend:
 A = Non-vault XP
 B = Vault XP
 C = Vault XP percentage of total XP
 D = Non-vault monster count
 E = Vault monster count
 F = Vault count percentage of total count
                 A         B        C        D         E       F
            +---------+---------+-------+---------+---------+-------
      Total |      39 |       4 |   9.3 |      24 |       3 |  11.1
            +---------+---------+-------+---------+---------+-------
        D:1 |      39 |       4 |   9.3 |      24 |       3 |  11.1
            +---------+---------+-------+---------+---------+-------
